 Dungeon Crawl Stone Soup version 0.28-a0-883-gc8d7bad45d (webtiles) character file.

Game seed: 3797168716909935221

23050 Anon1729 the Transmogrifier (level 12, -1/106 HPs)
             Began as a Yellow Draconian Transmuter on Nov 21, 2021.
             Was a Plaything of Xom.
             Slain by a wolf spider (12 damage)
             ... on level 9 of the Dungeon.
             The game lasted 00:50:01 (19178 turns).

Anon1729 the Transmogrifier (DrTm)                 Turns: 19178, Time: 00:50:01

Health: -1/106     AC: 12    Str: 13    XL:     12   Next: 68%
Magic:  0/24       EV: 17    Int: 21    God:    Xom [....*.]
Gold:   684        SH:  0    Dex: 19    Spells: 5/28 levels left

rFire   . . .      SeeInvis .     - Unarmed
rCold   + . .      Faith    .   (shield currently unavailable)
rNeg    . . .      Spirit   +   (armour unavailable)
rPois   .          Reflect  .   (helmet restricted)
rElec   .          Harm     .   h - +0 cloak
rCorr   +          Rampage  .   (gloves currently unavailable)
Will    .....      Clarity  +   x - +2 pair of boots {Fly}
Stlth   ++........              M - amulet "Queniust" {Spirit Dex+2}
HPRegen 0.27/turn               t - ring "Zafuh" {rC+ Int+2 Dex+6}
MPRegen 0.19/turn               a - +4 ring of slaying

@: short of breath, blade hands, flying
A: spit acid, AC +8, unfitting armour, cold-blooded, acid resistance, clarity,
mutation resistance 1, MP-powered wands, noise suppression
a: Breathe Acid, End Transformation, Renounce Religion


You were on level 9 of the Dungeon.
You worshipped Xom.
You were a beloved toy of Xom.
You had blades for hands.
You visited 1 branch of the dungeon, and saw 12 of its levels.
You also visited: Ossuary.

You collected 840 gold pieces.
You spent 156 gold pieces at shops.

Inventory:

Hand Weapons
 y - the +3 long sword of Duleuhos {flame, Dex+3 Stlth+}
   (You found it on level 6 of the Dungeon)

   It burns those it strikes, dealing additional fire damage.
   Big, fiery blades are also staple armaments of hydra-hunters.
   Dex:       It affects your dexterity (+3).
   Stlth:     It makes you more stealthy.
Missiles
 p - 6 atropa-tipped darts
 r - 5 curare-tipped darts
 G - a throwing net
Armour
 f - a +0 pair of boots
 h - a +0 cloak (worn)
 x - a +2 pair of boots of flying (worn)
Magical Staves
 q - a staff of conjuration
 u - a staff of fire
Jewellery
 a - a +4 ring of slaying (right blade hand)
 s - a ring of fire
 t - the ring "Zafuh" (left blade hand) {rC+ Int+2 Dex+6}
   (You found it on level 7 of the Dungeon)

   [ring of dexterity]

   Int:       It affects your intelligence (+2).
   Dex:       It affects your dexterity (+6).
   rC:        It protects you from cold.
 B - a ring of ice
 H - a +6 ring of dexterity
 I - a +6 ring of intelligence
 M - the amulet "Queniust" (around neck) {Spirit Dex+2}
   (You found it on level 9 of the Dungeon)

   [amulet of guardian spirit]

   It causes incoming damage to be divided between your reserves of health and
   magic.
   Dex:       It affects your dexterity (+2).
 Q - an amulet of regeneration
Wands
 m - a wand of flame (31)
 o - a wand of acid (2)
 D - a wand of polymorph (6)
 P - a wand of iceblast (8)
 R - a wand of paralysis (10)
 W - a wand of digging (6)
 Z - a wand of charming (7)
Scrolls
 d - 2 scrolls of torment
 e - 3 scrolls of amnesia
 i - a scroll of enchant armour
 j - 2 scrolls of brand weapon
 k - 3 scrolls of noise
 l - a scroll of fog
 A - a scroll of vulnerability
 F - a scroll of immolation
 N - a scroll of teleportation
 O - a scroll of blinking
 S - a scroll of enchant weapon
 T - 3 scrolls of identify
 V - 2 scrolls of fear
Potions
 b - 7 potions of curing
 c - a potion of mutation {unknown}
 g - a potion of flight
 n - 6 potions of brilliance
 v - 2 potions of haste {unknown}
 w - a potion of might
 z - a potion of berserk rage {unknown}
 C - 2 potions of lignification {unknown}
 E - a potion of resistance {unknown}
 J - 2 potions of cancellation {unknown}
 L - 3 potions of heal wounds
 X - 2 potions of attraction {unknown}
 Y - a potion of ambrosia {unknown}
Miscellaneous
 K - a lightning rod (4/4)
 U - a lightning rod (4/4)


   Skills:
 + Level 10.1 Fighting
 + Level 8.6 Dodging
 + Level 9.7 Unarmed Combat
 + Level 8.7 Spellcasting
 * Level 5.8 Conjurations
 * Level 10.3 Transmutations


You had 5 spell levels left.
You knew the following spells:

 Your Spells              Type           Power      Damage    Failure   Level
a - Beastly Appendage     Tmut           100%       N/A       7%          1
b - Wereblood             Tmut           51%        N/A       8%          2
c - Spider Form           Tmut/Pois      30%        N/A       24%         3
d - Blade Hands           Tmut           25%        N/A       26%         5
e - Irradiate             Conj/Tmut      21%        3d20      41%         5
f - Dragon Form           Tmut           25%        N/A       94%         7

Your spell library contained the following spells:

 Spells                   Type           Power      Damage    Failure   Level
 Dazzling Flash           Conj/Hex       42%        N/A       38%         3
 Animate Skeleton         Necr           18%        N/A       41%         1
 Apportation              Tloc           18%        N/A       41%         1
 Pain                     Necr           36%        1d5       41%         1
 Summon Small Mammal      Summ           36%        N/A       41%         1
 Ice Form                 Ice/Tmut       30%        N/A       43%         4
 Ensorcelled Hibernation  Hex/Ice        18%        N/A       47%         2
 Vampiric Draining        Necr           9%         2d6       65%         3
 Agony                    Necr           9%         N/A       99%         5
 Silence                  Hex/Air        4%         N/A       99%         5


Dungeon Overview and Level Annotations

Branches:
Dungeon (12/15)            Temple (0/1) D:5            Lair (0/6) D:8
    Orc (0/2) D:12        Ossuary (visited)

Altars:
Fedhas
Uskayaw
Xom

Shops:
D:8 [   D:10 *


Innate Abilities, Weirdness & Mutations

You have blades for hands.
Your spellcasting is less reliable in this form.
You are incapable of wielding weapons or throwing items.
You can spit globs of acid.
Your golden yellow scales are hard. (AC +8)
You cannot fit into any form of body armour.
You are cold-blooded and may be slowed by cold attacks.
You are resistant to acid. (rCorr)
You possess an exceptional clarity of mind.
You are somewhat resistant to further mutation.
You expend magic power (3 MP) to strengthen your wands.
You passively dampen the noise of your surroundings.


Message History

You feel much better.
The wolf spider hits you but does no damage.
The wolf spider bites you.
You are lethally poisoned!
The wolf spider poisons you!
Press: ? - help, Shift-Dir - straight line You spit a glob of acid.
The glob of acid hits the wolf spider!!!
The acid corrodes the wolf spider!
You feel a bit more experienced.
The wolf spider is severely wounded.
* * * LOW HITPOINT WARNING * * *
You feel extremely sick. The wolf spider misses you. The wolf spider bites you.
* * * LOW HITPOINT WARNING * * *
You are more poisoned.
The wolf spider poisons you! The wolf spider hits you!
* * * LOW HITPOINT WARNING * * *
The wolf spider bites you but does no damage.
You feel better. The wolf spider barely misses you.
The wolf spider bites you but does no damage.
You barely miss the wolf spider.
The wolf spider is heavily wounded.
The wolf spider completely misses you.
The wolf spider bites you but does no damage.
The wolf spider completely misses you. The wolf spider closely misses you.
You slash the wolf spider! You tail-slap the wolf spider.
The wolf spider is almost dead.
The wolf spider hits you!
* * * LOW HITPOINT WARNING * * *
The wolf spider bites you!
* * * LOW HITPOINT WARNING * * *
You are lethally poisoned!
The wolf spider poisons you!
You feel better. The wolf spider hits you!
* * * LOW HITPOINT WARNING * * *
The wolf spider completely misses you.
You hit the wolf spider.
The wolf spider is almost dead.
The wolf spider hits you!
You die...

######### ##.......#####
###.........##.##
#...............# ##
##.#.............# ###.
#................## #...
#.##########.#....# #...
#.#..#.8#..#.##...# ##..
#.#.†'8.'.@#.###..## ##.
#.##'####s##.# ##..# ###..
#.#..# #o.#.# ##.####....
#.#.)# '..#.## #.......###
#.##'#######..###.....###
#.#..'..'..#..##.....######
#.#..#..#..'..##...#.#....#
#.##########...............
#............##...#........


You could see a wolf spider (corroded) and an orc warrior.

Vanquished Creatures
  Gastronok (D:8)
  A yaktaur captain (D:9)
  The ghost of vurker the Thaumaturge, a journeyman OpAE of Vehumet (D:11)
  Josephine (D:12)
  Erolcha (D:9)
  A boulder beetle (D:12)
  2 hydras
  A death knight (D:12)
  A two-headed ogre (D:11)
  A centaur warrior (D:9)
  A skeletal warrior (D:12)
  Pikel (D:4)
  A wolf spider (D:12)
  A cyclops (D:7)
  3 manticores
  Maurice (D:8)
  Joseph (D:9)
  A gargoyle (D:11)
  A freezing wraith (D:12)
  3 meliai (D:12)
  A jumping spider (shapeshifter) (D:8)
  5 trolls
  A hornet (D:7)
  Grinder (D:3)
  7 slime creatures
  Prince Ribbit (D:7)
  Sigmund (D:3)
  2 vampires
  2 wyverns
  8 yaks
  5 wraiths
  Eustachio (D:4)
  4 vampire mosquitoes (D:10)
  Edmund (D:6)
  An acid dragon (D:8)
  2 water moccasins
  2 ice beasts (D:7)
  2 black bears
  A sky beast (D:6)
  3 ogres
  2 necrophages
  9 centaurs
  2 kobold brigands (D:7)
  5 bullfrogs
  A gnoll sergeant (D:7)
  5 scorpions
  A wyvern skeleton (D:10)
  2 water moccasin zombies (Ossuary)
  2 wights (D:7)
  2 electric eels (D:8)
  2 howler monkeys
  6 centaur zombies
  3 orc priests
  A hound (D:5)
  A jelly (D:7)
  A bullfrog skeleton (D:7)
  3 centaur skeletons
  An iguana (D:7)
  8 orc wizards
  A hound skeleton (D:5)
  2 mummies (Ossuary)
  Robin (D:2)
  4 gnolls (D:7)
  6 adders
  2 ufetubi
  6 adder zombies (Ossuary)
  3 worms (D:2)
  23 orcs
  4 endoplasms
  A giant cockroach (D:1)
  4 gnoll zombies (Ossuary)
  8 goblins
  11 hobgoblins
  5 jackals
  3 quokkas
  7 ball pythons
  3 bats (D:2)
  5 frilled lizards
  7 hobgoblin zombies (Ossuary)
  8 kobolds
  4 kobold zombies (Ossuary)
  6 orc zombies (Ossuary)
  8 rats
265 creatures vanquished.

Vanquished Creatures (collateral kills)
  A shadow (D:11)
  An acid dragon (D:12)
  2 black bears (D:8)
  A gnoll sergeant (D:7)
  3 wights (D:8)
  An orc (D:8)
9 creatures vanquished.

Vanquished Creatures (others)
  A lemure (D:4)
  10 plants (D:8)
11 creatures vanquished.

Grand Total: 285 creatures vanquished

Notes
Turn   | Place    | Note
-------+----------+-------------------------------------------
     0 | D:1      | Anon1729 the Draconian Transmuter began the quest for the
                  | Orb.
     0 | D:1      | Reached XP level 1. HP: 16/16 MP: 3/3
   509 | D:1      | Reached XP level 2. HP: 17/23 MP: 3/5
   587 | D:1      | Found a faded altar of an unknown god.
   599 | D:1      | Prayed at the altar of an unknown god.
   599 | D:1      | Became a worshipper of Xom of Chaos
  1090 | D:2      | XOM: silly message
  1305 | D:1      | XOM: god gift: scroll labelled LIPHUOS JOACRIAZU {god gift}
  1321 | D:2      | Reached XP level 3. HP: 24/29 MP: 4/6
  1676 | D:2      | XOM is BORED!
  1851 | D:2      | XOM: confuse monster(s)
  1912 | D:2      | Found a blossoming altar of Fedhas.
  2270 | D:3      | XOM: silly message
  2350 | D:3      | Reached XP level 4. HP: 25/36 MP: 5/7
  2359 | D:3      | XOM: 3-stop teleportation journey
  2405 | D:3      | XOM: 1-stop teleportation journey
  2410 | D:3      | XOM: 6-stop teleportation journey
  2483 | D:3      | Noticed Grinder
  2511 | D:3      | Killed Grinder
  2512 | D:3      | Reached XP level 5. HP: 34/45 MP: 6/9
  2512 | D:3      | Reached XP level 6. HP: 39/51 MP: 6/10
  2572 | D:3      | XOM: scenery: summon butterflies
  2588 | D:3      | XOM: give mutations
  2588 | D:3      | Gained mutation: You expend magic power (3 MP) to
                  | strengthen your wands. [Xom's grace]
  2588 | D:3      | Gained mutation: You possess an exceptional clarity of
                  | mind. [Xom's grace]
  2705 | D:3      | Noticed Robin
  2880 | D:2      | Learned a level 2 spell: Wereblood
  2884 | D:2      | Learned a level 3 spell: Spider Form
  2904 | D:2      | Killed Robin
  2980 | D:2      | XOM: scenery: create altars
  3089 | D:3      | Noticed Sigmund
  3185 | D:3      | XOM: god gift: 4 atropa-tipped darts
  3195 | D:3      | XOM: fog
  3209 | D:3      | Killed Sigmund
  3400 | D:3      | XOM: 4-stop teleportation journey
  3835 | D:4      | Noticed Pikel
  3839 | D:4      | XOM: enchant monster (good)
  3844 | D:4      | XOM: cleaving
  3845 | D:4      | XOM: 2-stop teleportation journey
  3910 | D:4      | XOM: silly message
  3915 | D:4      | Your scales start taking on a golden yellow colour.
  3915 | D:4      | Reached XP level 7. HP: 48/58 MP: 9/12
  3915 | D:4      | Gained mutation: You are resistant to acid. (rCorr) [Yellow
                  | Draconian growth]
  3983 | D:4      | XOM: swap monsters
  3987 | D:4      | XOM: swap monsters
  3991 | D:4      | Killed Pikel
  3992 | D:4      | Reached skill level 5 in Unarmed Combat
  3992 | D:4      | Reached XP level 8. HP: 58/67 MP: 11/14
  4283 | D:4      | Noticed Eustachio
  4299 | D:4      | Killed Eustachio
  4492 | D:5      | Entered Level 5 of the Dungeon
  4503 | D:5      | Found a staircase to the Ecumenical Temple.
  4731 | D:5      | Reached skill level 5 in Fighting
  4784 | D:5      | Reached skill level 5 in Transmutations
  4942 | D:5      | XOM: chaos cloud
  5475 | D:6      | Identified the +3 long sword of Duleuhos {flame, Dex+3
                  | Stlth+}
  5517 | D:6      | Reached skill level 5 in Spellcasting
  5715 | D:6      | Reached skill level 5 in Dodging
  5840 | D:6      | Noticed Edmund
  5859 | D:6      | Killed Edmund
  5860 | D:6      | Reached XP level 9. HP: 26/69 MP: 5/16
  6141 | D:6      | XOM: cloud trail
  6232 | D:6      | You fall into a shaft and drop 2 floors!
  6246 | D:8      | XOM: silly message
  6389 | D:8      | Found a staircase to the Lair.
  6547 | D:8      | XOM: swap monsters
  6723 | D:8      | Noticed Prince Ribbit
  6727 | D:8      | Noticed Maurice
  6920 | D:7      | Found a sand-covered staircase.
  6927 | Ossuary  | Entered an ossuary
  7699 | D:7      | XOM: summons 5 friendly demons
  7811 | D:7      | Noticed a green ugly thing
  7814 | D:7      | Noticed a white ugly thing
  7825 | D:7      | Noticed a troll
  7834 | D:7      | XOM: enchant monster (bad)
  7835 | D:7      | XOM: summons 4 friendly demons
  7850 | D:7      | Noticed a cyclops
  7856 | D:7      | XOM: silly message
  7862 | D:7      | XOM: enchant monster (bad)
  7864 | D:7      | Killed a cyclops
  7865 | D:7      | Reached XP level 10. HP: 24/86 MP: 2/19
  7865 | D:7      | XOM: give mutations
  7865 | D:7      | Gained mutation: You are somewhat resistant to further
                  | mutation. [Xom's grace]
  7865 | D:7      | Gained mutation: You passively dampen the noise of your
                  | surroundings. [Xom's grace]
  7998 | D:7      | XOM: stat loss: -1 Dex (21/22)
  8070 | D:8      | Noticed Gastronok
  8071 | D:7      | HP: 3/86 [wraith (2)]
  8077 | D:7      | XOM: destruction
  8092 | D:7      | XOM: chaos cloud
  8109 | D:7      | HP: 4/86 [Prince Ribbit (8)]
  8140 | D:7      | XOM: cloud trail
  8440 | D:7      | XOM: enchant monster (good)
  8455 | D:7      | Killed Prince Ribbit
  8459 | D:7      | XOM: cleaving
  8616 | D:7      | XOM: noise
  8726 | D:7      | XOM: summons 2 hostile shadow creatures
  8734 | D:7      | XOM: chaos cloud
  9219 | D:8      | XOM: summons 4 hostile shadow creatures
  9345 | D:7      | XOM: summons 6 hostile demons
  9359 | D:7      | XOM: summons 2 hostile demons
  9376 | D:7      | XOM: summons friendly smoke demon
  9406 | D:7      | XOM: noise
  9426 | D:7      | XOM: chaos cloud
  9780 | D:6      | XOM: give mutation
 10494 | D:7      | Identified the ring "Zafuh" {rC+ Int+2 Dex+6}
 11523 | D:7      | XOM: scenery: 1 doors close
 11526 | D:7      | XOM: torment (38/88 hp)
 11538 | D:7      | XOM: blink monster(s)
 11571 | D:6      | XOM: enchant monster (bad)
 11597 | D:6      | XOM: fake destruction
 11893 | D:7      | XOM: confuse monster(s)
 11989 | D:8      | XOM: polymorph orc priest -> shapeshifter
 12323 | D:8      | XOM: scenery: create altars
 12391 | D:8      | XOM: summons 2 friendly demons
 12412 | D:8      | Killed Maurice
 12458 | D:8      | XOM: cloud trail
 12593 | D:8      | Found Ra's Dragon-Slaying Spoils.
 12692 | D:8      | XOM: destruction
 12693 | D:8      | XOM: divination: detect items
 12698 | D:8      | Killed Gastronok
 12888 | D:9      | Noticed Erolcha
 12889 | D:9      | XOM: 2-stop teleportation journey
 12891 | D:9      | Identified the amulet "Queniust" {Spirit Dex+2}
 12899 | D:9      | Reached XP level 11. HP: 84/95 MP: 16/21
 12928 | D:9      | XOM: god gift: +1 pair of boots of flying
 12967 | D:9      | Found a hide-covered altar of Uskayaw.
 13036 | D:9      | XOM: scenery: summon butterflies
 13206 | D:9      | Noticed Joseph
 13215 | D:9      | Killed Joseph
 13352 | D:10     | Entered Level 10 of the Dungeon
 13406 | D:10     | XOM: silly message
 13435 | D:10     | XOM: silly message
 13500 | D:10     | XOM: 2-stop teleportation journey
 13994 | D:10     | Found Xuciyn Cohei's Hallowed Reliquary.
 13998 | D:10     | Noticed an angel
 14002 | D:10     | Bought a potion of heal wounds for 60 gold pieces
 14002 | D:10     | Bought a potion of heal wounds for 60 gold pieces
 14002 | D:10     | Bought a potion of curing for 36 gold pieces
 14244 | D:10     | XOM is BORED!
 14287 | D:10     | XOM: cloud trail
 14423 | D:11     | XOM: cast spell 'Summon Hydra'
 14431 | D:10     | XOM: confuse monster(s)
 14516 | D:10     | XOM: god gift: 18 arrows
 14640 | D:11     | Learned a level 5 spell: Blade Hands
 14646 | D:11     | Learned a level 5 spell: Irradiate
 14658 | D:11     | XOM: smoke on damage
 14821 | D:11     | Reached skill level 1 in Conjurations
 15363 | D:11     | Noticed a two-headed ogre
 15373 | D:11     | Killed a two-headed ogre
 15664 | D:11     | Found a large runed translucent door.
 15664 | D:11     | Found a large runed translucent door.
 15666 | D:11     | Noticed vurker's ghost (journeyman OpAE)
 15915 | D:11     | XOM: divination: detect items
 15920 | D:11     | XOM: enchant monster (bad)
 15921 | D:11     | Killed vurker's ghost
 16114 | D:12     | Noticed a skeletal warrior
 16124 | D:12     | Killed a skeletal warrior
 16185 | D:12     | Noticed a death knight
 16190 | D:12     | XOM: swap monsters
 16191 | D:12     | XOM: chaos upgrade
 16198 | D:12     | XOM: summons 1 hostile demon
 16471 | D:12     | Noticed a four-headed hydra
 16481 | D:12     | Learned a level 7 spell: Dragon Form
 16488 | D:12     | Killed a four-headed hydra
 16611 | D:12     | XOM: summons 11 friendly demons
 16667 | D:12     | Reached XP level 12. HP: 90/105 MP: 20/24
 16789 | D:12     | Noticed a boulder beetle
 16796 | D:12     | XOM: noise
 16803 | D:12     | Killed a boulder beetle
 16830 | D:12     | XOM: draining
 16831 | D:12     | XOM: potion effect (curing)
 17203 | D:12     | XOM: summons 4 hostile shadow creatures
 17204 | D:12     | Noticed a two-headed ogre
 17204 | D:12     | Noticed a two-headed ogre
 17505 | D:12     | Found a staircase to the Orcish Mines.
 17524 | D:12     | XOM: enchant monster (bad)
 17558 | D:12     | Noticed Josephine
 17572 | D:12     | Killed Josephine
 17594 | D:12     | XOM: scenery: 1 doors close
 17666 | D:12     | XOM: summons 2 friendly demons
 17682 | D:12     | Killed a death knight
 18518 | D:12     | Reached skill level 5 in Conjurations
 18523 | D:12     | XOM: divination: detect creatures
 18527 | D:12     | Reached skill level 10 in Transmutations
 18665 | D:9      | XOM: confuse monster(s)
 18737 | D:9      | Killed Erolcha
 18808 | D:9      | XOM: cloud trail
 18918 | D:9      | XOM: 6-stop teleportation journey
 18981 | D:9      | Found a runed translucent door.
 18988 | D:9      | Reached skill level 10 in Fighting
 18988 | D:9      | Noticed a yaktaur captain
 18997 | D:9      | Killed a yaktaur captain
 19160 | D:9      | Noticed a four-headed hydra
 19164 | D:9      | Killed a seven-headed hydra
 19167 | D:9      | Noticed a centaur warrior
 19167 | D:9      | Identified the +3 plate armour of Anykett {Will- Str+2
                  | Int+4}
 19173 | D:9      | Killed a centaur warrior
 19178 | D:9      | Slain by a wolf spider

Illustrated notes

Levels and vault maps discovered:
D:1:      giann_wishing_wells, layout_rooms, chequers_ecumenical_altar_twisty
D:2:      layout_basic, basic_altar
D:3:      layout_basic, minmay_quadrilaterals, uniq_sigmund, uniq_grinder,
          uniq_robin
D:4:      layout_cave_pools, uniq_pikel, uniq_eustachio
D:5:      layout_cave_pods, minmay_temple_entry_statues_fountains,
          serial_bayou_pond_c
D:6:      layout_basic, uniq_edmund
D:7:      minmay_the_grid_octo_tiled_squarecenter
          [minmay_the_grid_octo_clover_2, minmay_the_grid_octo_teeth,
          minmay_the_grid_octo_odd_swirl, minmay_the_grid_octo_fat_diamond,
          minmay_the_grid_square_5x5_megaprize_open,
          minmay_the_grid_square_5x5_minimal,
          minmay_the_grid_square_5x5_six_small,
          minmay_the_grid_square_5x5_n_small, minmay_the_grid_square_5x5_v],
          layout_basic, chequers_ossuary_entry_cave
D:8:      layout_cave_pools, david_lair_generic, chequers_big_river,
          nicolae_shop_dragon_depot, uniq_maurice, uniq_prince_ribbit1,
          uniq_gastronok
D:9:      layout_cave_pods, nicolae_uskayaw_dance_hall, special_room
          [special_room_kobold], amcnicky_mini_rare_corridor_liquid,
          nrook_loot_triangle, minivault_13, uniq_joseph, uniq_erolcha
D:10:     layout_gridville, nicolae_good_shop
D:11:     layout_long_grid, ebering_ghost_disaster_area
D:12:     layout_roguey, orc_0_dummy, uniq_josephine

Skill      XL: |  1  2  3  4  5  6  7  8  9 10 11 12 |
---------------+-------------------------------------+-----
Dodging        | 2 3 4 5 6 7 8 |  8.6
Fighting       | 2 3 4 5 7 8 9 10 | 10.1
Unarmed Combat | 4 5 6 7 8 9 |  9.7
Spellcasting   | 3 4 5 6 7 8 |  8.7
Transmutations | 3 4 5 6 7 9 10 | 10.3
Conjurations   | 3 5 |  5.8

Action                   |  1- 3 |  4- 6 |  7- 9 | 10-12 || total
-------------------------+-------+-------+-------+-------++-------
Melee: Unarmed           |   155 |   104 |   389 |   488 ||  1136
       Tailslap          |    14 |    14 |    44 |    74 ||   146
       Punch             |     3 |       |    11 |    32 ||    46
       Kick              |     2 |    11 |    29 |    27 ||    69
       Headbutt          |     4 |     7 |    15 |    17 ||    43
 Cast: Beastly Appendage |    11 |    11 |    13 |    13 ||    48
       Spider Form       |       |     3 |    21 |    12 ||    36
       Wereblood         |       |       |       |     2 ||     2
       Blade Hands       |       |       |       |    18 ||    18
       Irradiate         |       |       |       |     3 ||     3
 Abil: Breathe Acid      |       |       |     6 |    15 ||    21
       End Transformatio |       |       |       |     1 ||     1
Evoke: Wand              |       |     5 |     4 |    12 ||    21
       Lightning rod     |       |       |       |     3 ||     3
  Use: Scroll            |       |       |     5 |    18 ||    23
       Potion            |       |       |     1 |     9 ||    10
 Stab: Confused          |     1 |       |     2 |     1 ||     4
       Paralysed         |       |    19 |       |     2 ||    21
       Sleeping          |       |     1 |       |     3 ||     4
       Distracted        |       |       |       |     1 ||     1
Armor: Skin              |    48 |    29 |    66 |   206 ||   349
Dodge: Dodged            |   117 |    72 |   330 |   523 ||  1042

Table legend: (Time is in decaauts)
 A = Elapsed time spent in this place.
 B = Non-inter-level travel time spent in this place.
 C = Inter-level travel time spent in this place.
 D = Time resting spent in this place.
 E = Time spent auto-exploring this place.
 F = Levels seen in this place.
 G = Mean time per level.
                   A        B        C        D        E       F      G
               +--------+--------+--------+--------+--------+-----+--------+
         Total |  19098 |  18469 |    629 |   3263 |  11857 |  13 | 1469.1 |
       Dungeon |  18851 |  18222 |    629 |   3263 |  11724 |  12 | 1570.9 |
       Ossuary |    247 |    247 |      0 |      0 |    133 |   1 |  247.0 |
               +--------+--------+--------+--------+--------+-----+--------+

Top non-repeatable levels by time:
     D:7: 3672 daAuts
    D:12: 2246 daAuts
    D:11: 1794 daAuts
     D:6: 1793 daAuts
     D:8: 1472 daAuts
     D:1: 1276 daAuts
     D:3: 1276 daAuts
     D:2: 1227 daAuts
    D:10: 1207 daAuts
     D:5: 1183 daAuts
     D:9: 1006 daAuts
     D:4: 694 daAuts
 Ossuary: 247 daAuts
